AoeStats
← KND

African Clearing

506736021Analyzed
4v4 RM · 17d ago on Sep 14, 2026· 58m 2s· 8 players
Game mode
Random Map
Map size
Large (8 player)
Population
200
Speed
Normal
Resources
Standard
Victory
Conquest
Starting age
Dark Age
Ending age
Imperial Age
RankedLock teamsTeams togetherTeam positionsShared explorationLock speedFull tech treeHidden civsTurbo modeCheats
Victory
Defeat
🇦🇷 Vietnamese · Argentina
1551
+14
🇦🇷 Lithuanians · Argentina
1466
+18
🇦🇷 Mapuche · Argentina
1461
+18
🇦🇷 Mongols · Argentina
1434
+19
🇧🇪 Mapuche · Belgium
1523
-18
🇧🇷 Huns · Brazil
1514
-18
🇲🇽 Spanish · Mexico
1492
-17
🇫🇷 Saracens · France
1476
-16
The Lord Daniel
5:51 Loom
15:25 Feudal Age
19:40 Castle Age
17:57 Double-Bit Axe
18:22 Horse Collar
18:54 Town Watch
20:59 Bow Saw
25:54 Wheelbarrow
28:09 Hand Cart
34:05 Imperial Age
31:33 Gold Mining
31:44 Heavy Plow
31:40 Stone Mining
33:34 Stone Shaft Mining
35:55 Fletching
36:43 Conscription
37:31 Guilds
36:43 Elite Conquistador
37:54 Husbandry
38:04 Bloodlines
38:33 Scale Barding Armor
38:29 Padded Archer Armor
39:57 Two-Man Saw
40:55 Chain Barding Armor
40:53 Leather Archer Armor
41:00 Chain Barding Armor
40:35 Light Cavalry
41:26 Forging
42:53 Ring Archer Armor
42:40 Hussar
45:23 Plate Barding Armor
45:24 Iron Casting
Wizo
7:06 Loom
15:47 Feudal Age
16:27 Double-Bit Axe
16:23 Horse Collar
19:20 Castle Age
18:17 Gold Mining
18:18 Stone Mining
20:50 Bow Saw
20:49 Heavy Plow
22:29 Wheelbarrow
23:14 Gold Mining
23:15 Stone Mining
25:53 Fletching
26:42 Hand Cart
26:13 Town Watch
31:51 Imperial Age
29:51 Scale Barding Armor
29:45 Bodkin Arrow
32:27 Chain Barding Armor
32:05 Elite Mameluke
33:29 Bloodlines
33:19 Husbandry
35:40 Plate Barding Armor
35:29 Ballistics
35:17 Husbandry
36:54 Forging
38:20 Iron Casting
39:07 Coinage
40:41 Banking
41:13 Bracer
42:14 Blast Furnace
43:05 Conscription
43:31 Light Cavalry
44:16 Hussar
47:03 Chemistry
46:09 Siege Engineers
46:14 Masonry
Whop
10:21 Loom
12:40 Feudal Age
13:07 Champi Runner
14:04 Arson
16:38 Double-Bit Axe
19:44 Horse Collar
23:15 Castle Age
21:52 Stone Mining
21:52 Gold Mining
21:54 Fletching
22:44 Padded Archer Armor
22:38 Gold Mining
26:55 Bodkin Arrow
29:52 Leather Archer Armor
29:39 Town Watch
30:50 Bow Saw
31:37 Gold Shaft Mining
33:51 Town Patrol
34:28 Wheelbarrow
36:15 Hand Cart
37:36 Heavy Plow
42:30 Imperial Age
40:29 Forging
41:28 Scale Mail Armor
42:06 Iron Casting
42:55 Ballistics
44:35 Ring Archer Armor
45:42 Blast Furnace
45:28 Crop Rotation
47:31 Chemistry
47:48 Scale Mail Armor
47:12 Pikeman
47:34 Champi Warrior
49:18 Chain Mail Armor
50:40 Plate Mail Armor
52:10 Arrowslits
52:50 Bombard Tower
54:39 Masonry
55:39 Halberdier
57:07 Architecture
KND
3:05 Loom
13:01 Feudal Age
17:37 Castle Age
15:53 Double-Bit Axe
19:33 Bow Saw
21:34 Wheelbarrow
23:50 Gold Mining
24:53 Fletching
28:29 Ballistics
29:43 Bodkin Arrow
36:50 Gold Shaft Mining
36:29 Town Watch
37:24 Horse Collar
38:22 Padded Archer Armor
42:15 Imperial Age
40:11 Thumb Ring
40:55 Leather Archer Armor
41:41 Hand Cart
41:52 Heavy Plow
43:20 Conscription
44:19 Chemistry
43:16 Heavy Cavalry Archer
44:18 Bracer
45:41 Parthian Tactics
48:43 Scale Barding Armor
48:49 Forging
49:46 Two-Man Saw
48:24 Light Cavalry
49:15 Bloodlines
49:06 Husbandry
50:11 Chain Barding Armor
49:15 Hussar
51:49 Cavalier
53:09 Plate Barding Armor
53:09 Iron Casting
54:53 Stone Mining
58:49 Blast Furnace
ZiPPo
7:03 Loom
12:27 Feudal Age
16:56 Castle Age
15:22 Double-Bit Axe
15:31 Gold Mining
24:00 Town Watch
24:51 Wheelbarrow
26:17 Fletching
28:14 Bodkin Arrow
29:20 Hand Cart
29:07 Town Patrol
29:13 Padded Archer Armor
29:33 Bow Saw
30:28 Leather Archer Armor
31:10 Thumb Ring
31:32 Horse Collar
34:08 Stone Mining
34:35 Bloodlines
34:26 Husbandry
37:56 Imperial Age
36:07 Ballistics
36:11 Treadmill Crane
37:27 Forging
37:22 Scale Barding Armor
38:22 Stone Shaft Mining
37:59 Heavy Cavalry Archer
38:40 Bracer
39:10 Ring Archer Armor
41:06 Chemistry
42:30 Ring Archer Armor
45:19 Two-Man Saw
44:51 Elite Battle Elephant
46:08 Iron Casting
45:53 Chain Barding Armor
49:31 Plate Barding Armor
55:26 Caravan
55:32 Heavy Plow
55:23 Light Cavalry
56:44 Paper Money
57:01 Hoardings
56:47 Scale Mail Armor
57:55 Chain Mail Armor
Elian
3:49 Loom
14:51 Feudal Age
19:39 Castle Age
21:31 Double-Bit Axe
21:53 Horse Collar
25:38 Fletching
28:07 Bow Saw
29:06 Elite Skirmisher
30:33 Heavy Plow
33:18 Wheelbarrow
33:51 Thumb Ring
34:28 Bodkin Arrow
39:59 Imperial Age
37:53 Padded Archer Armor
38:07 Bloodlines
37:57 Husbandry
40:16 Gold Mining
40:17 Stone Mining
41:03 Conscription
41:19 Ballistics
42:03 Chemistry
41:10 Town Watch
41:47 Hand Cart
42:08 Parthian Tactics
41:56 Nomads
42:02 Bracer
42:02 Padded Archer Armor
41:59 Imperial Skirmisher
42:50 Elite Mangudai
43:15 Light Cavalry
46:34 Leather Archer Armor
50:38 Hoardings
57:31 Caravan
momoferto
12:54 Loom
14:40 Feudal Age
18:55 Castle Age
17:45 Fletching
18:52 Double-Bit Axe
19:48 Bodkin Arrow
29:07 Padded Archer Armor
31:09 Leather Archer Armor
41:14 Ballistics
41:55 Malon
51:17 Wheelbarrow
52:40 Hand Cart
53:11 Town Watch
53:56 Horse Collar
54:30 Bow Saw
56:55 Heavy Plow
57:12 Masonry
Lucio Aurelio Cómodo
10:24 Loom
14:34 Feudal Age
15:35 Double-Bit Axe
18:36 Castle Age
19:35 Bow Saw
19:05 Horse Collar
19:51 Scale Barding Armor
20:18 Town Watch
20:46 Horse Collar
22:58 Fletching
24:31 Chain Barding Armor
25:35 Heavy Plow
27:49 Bodkin Arrow
28:42 Elite Skirmisher
32:35 Hill Forts
33:41 Wheelbarrow
33:44 Gold Mining
35:59 Husbandry
36:10 Bloodlines
36:22 Forging
36:14 Stone Mining
38:56 Imperial Age
37:09 Treadmill Crane
38:49 Iron Casting
38:32 Padded Archer Armor
39:14 Padded Archer Armor
40:02 Conscription
39:43 Tower Shields
40:49 Chemistry
39:50 Bracer
39:57 Bracer
39:26 Imperial Skirmisher
39:27 Cavalier
41:23 Two-Man Saw
41:04 Leather Archer Armor
41:26 Plate Barding Armor
42:22 Thumb Ring
42:45 Ballistics
42:16 Paladin
45:03 Ring Archer Armor
44:48 Masonry
46:59 Architecture
49:41 Crop Rotation
50:40 Fortified Wall
54:42 Coinage
54:24 Guilds
56:42 Murder Holes
56:13 Light Cavalry
57:49 Winged Hussar
Connection lost

Rejoining the realm…

Still unreachable

The connection could not be restored.

Session expired

The server has moved on; the page needs a fresh start.